 Dungeon Crawl Stone Soup version 0.29.0-4-gdea44cf6ec (webtiles) character file.

Game seed: 5615121077956937935

29 qw the Chopper (level 3, 0/23 HPs)
             Began as a Gargoyle Berserker on Sept 7, 2022.
             Was a Follower of Trog.
             Slain by a gnoll
             ... wielding a +0 vorpal spear
              (3 damage)
             ... on level 2 of the Dungeon.
             The game lasted 00:00:13 (984 turns).

qw the Chopper (Gargoyle Berserker)                  Turns: 984, Time: 00:00:14

Health: 0/23       AC:  8    Str: 22    XL:     3   Next: 16%
Magic:  3/3        EV: 11    Int:  7    God:    Trog [*.....]
Gold:   53         SH:  0    Dex:  9    Spells: 2/2 levels left

rFire   . . .      SeeInvis .   Y - +0 hand axe
rCold   . . .      Faith    .   (no shield)
rNeg    + . .      Spirit   .   e - +0 ring mail
rPois   inf        Reflect  .   (no helmet)
rElec   +          Harm     .   (no cloak)
rCorr   .          Rampage  .   (no gloves)
Will    .....                   (no boots)
Stlth   ..........              (no amulet)
HPRegen 0.07/turn               (no ring)
MPRegen 0.08/turn               (no ring)

@: on berserk cooldown, slowed, very slow
A: sickness immunity, AC +3, negative energy resistance 1, electricity
resistance, torment resistance 1, petrification resistance
a: Renounce Religion, Berserk


You were on level 2 of the Dungeon.
You worshipped Trog.
Trog was aware of your devotion.
You visited 1 branch of the dungeon, and saw 2 of its levels.

You collected 53 gold pieces.


Innate Abilities, Weirdness & Mutations

You are immune to sickness and miasma.
Your stone body is resilient. (AC +3)
You are immune to poison.
You resist negative energy. (rN+)
You are resistant to electric shocks. (rElec)
You are resistant to unholy torment.
You are immune to petrification.


   Skills:
 - Level 3.2 Fighting
 + Level 3.8 Axes
 - Level 2.1 Armour
 - Level 1.5 Dodging


You had 2 spell levels left.
You didn't know any spells.
Your spell library was empty.

Inventory:

Hand Weapons
 i - a +0 mace
 Y - a +0 hand axe (weapon)
Armour
 e - a +0 ring mail (worn)
Potions
 d - a potion of curing {unknown}

Dungeon Overview and Level Annotations

Branches:
Dungeon (2/15)

Altars:


Message History

You kill the gnoll!
Trog accepts your kill. The gnoll hits you but does no damage.
Things that are here:
a +0 halberd; a lumpy white potion You barely miss the gnoll.
The gnoll hits you with a +0 whip. The gnoll closely misses you.
You slash the gnoll!
You kill the gnoll!
Trog accepts your kill.
You have reached level 3!
Your experience leads to an increase in your attributes!
Increase (S)trength, (I)ntelligence, or (D)exterity?
You feel stronger. x2
A worm comes into view.
You are no longer berserk.
You are exhausted.
You feel yourself slow down. The gnoll closely misses you.
You hit the gnoll.
The gnoll is lightly wounded.
You hit the endoplasm. The gnoll closely misses you.
The endoplasm hits you but does no damage.
The gnoll hits you with a +0 vorpal spear.
The endoplasm hits you but does no damage.
You barely miss the endoplasm.
The endoplasm is almost dead.
You hit the gnoll.
A jackal comes into view.
The gnoll hits you but does no damage. The endoplasm misses you.
The gnoll hits you but does no damage. The endoplasm freezes you.
You are frozen.
The jackal barks!
You hit the endoplasm but do no damage.
The endoplasm is almost dead.
You hit the gnoll.
A jackal comes into view.
The gnoll hits you with a +0 vorpal spear.
You die...

.!.............#
...........)..#...
..........<.......
#...?...#.......
##...............
##................
..................
#.....)).........#
..#....@..........
.#....Jg.##.......
.........# .....
.......>.# ...
.....w...# ..
......##.. h.h...
## ......


You could see a worm, a gnoll, an endoplasm and 2 jackals.

Vanquished Creatures
  2 gnolls (D:2)
  2 endoplasms
  A hobgoblin (D:1)
  2 quokkas (D:1)
  A ball python (D:1)
  A bat (D:1)
  A goblin (D:1)
  A kobold (D:2)
  A rat (D:1)
12 creatures vanquished.

Vanquished Creatures (others)
  A plant (D:1)
1 creature vanquished.

Grand Total: 13 creatures vanquished

Notes
Turn   | Place    | Note
-------+----------+-------------------------------------------
     0 | D:1      | qw the Gargoyle Berserker began the quest for the Orb.
     0 | D:1      | Reached XP level 1. HP: 14/14 MP: 1/1
     0 | D:1      | 0 ||| qw: Version: 0.1-a-108-g9e35731
     0 | D:1      | 0 ||| qw: Game counter: 6457
     0 | D:1      | 0 ||| qw: Always use a shield: true
     0 | D:1      | 0 ||| qw: Do Orc after D:15 true
     0 | D:1      | 0 ||| qw: Do second Lair branch before Depths: true
     0 | D:1      | 0 ||| qw: Lair rune preference: random
     0 | D:1      | 0 ||| qw: Plans: Normal
     0 | D:1      | 0 ||| PLANNING D:1-11
    60 | D:1      | 60 ||| INVOKING Berserk.
   318 | D:1      | Reached skill level 3 in Axes
   663 | D:1      | Found a faded altar of an unknown god.
   772 | D:1      | Reached XP level 2. HP: 19/19 MP: 2/2
   909 | D:1      | 909 ||| UPGRADING to +0 ring mail.
   919 | D:1      | 919 ||| DROPPING +0 animal skin.
   920 | D:1      | 920 ||| READING scroll labelled FAOHUA YRUE.
   923 | D:1      | 923 ||| READING scroll labelled AMIKAR TOTZE.
   924 | D:1      | 924 ||| READING scroll labelled DUMEINKEPYE.
   925 | D:1      | 925 ||| READING scroll labelled ASASOA JOWEH.
   926 | D:1      | 926 ||| READING scroll labelled QYAWYIPEIGG.
   955 | D:2      | 955 ||| STAIRDANCE
   973 | D:2      | 973 ||| INVOKING Berserk.
   981 | D:2      | Reached XP level 3. HP: 16/23 MP: 3/3
   983 | D:2      | HP: 3/23 [frozen (5)]
   984 | D:2      | Slain by a gnoll

Levels and vault maps discovered:
D:1:      lemuel_arrival_muddy, layout_loops_cross,
          shapermc_ecumenical_altar_rom_forum
D:2:      layout_rooms, minmay_circled_x

Skill      XL: |  1 |
---------------+----+-----
Axes           | 3 |  3.8
Fighting       | |  3.2
Armour         | |  2.1
Dodging        | |  1.5

Action                   || total
-------------------------++-------
Melee: Hand axe          ||    32
Invok: Berserk           ||     2
  Use: Scroll            ||     5
Armor: Animal skin       ||     3
       Ring mail         ||     7
Dodge: Dodged            ||    16

Table legend:
 A = Non-vault XP
 B = Vault XP
 C = Vault XP percentage of total XP
 D = Non-vault monster count
 E = Vault monster count
 F = Vault count percentage of total count
                 A         B        C        D         E       F
            +---------+---------+-------+---------+---------+-------
      Total |      42 |       0 |   0.0 |      12 |       0 |   0.0
            +---------+---------+-------+---------+---------+-------
        D:1 |      12 |       0 |   0.0 |       8 |       0 |   0.0
        D:2 |      30 |       0 |   0.0 |       4 |       0 |   0.0
            +---------+---------+-------+---------+---------+-------
